 Dungeon Crawl Stone Soup version 0.14-a0-759-g26e2352 (webtiles) character file.

2199 PolkaDot the Ruinous (level 8, 0/50 HPs)
             Began as a Vampire Wizard on Nov 9, 2013.
             Was a Priest of Sif Muna.
             Succumbed to a water moccasin's poison
             ... on Level 6 of the Dungeon.
             The game lasted 00:43:30 (6715 turns).

PolkaDot the Ruinous (Vampire Wizard)               Turns: 6715, Time: 00:43:30

HP   0/50        AC  2     Str 11      XL: 8   Next: 91%
MP   8/18        EV 12     Int 22      God: Sif Muna [***...]
Gold 327         SH  0     Dex 12      Spells:  3 memorised,  6 levels left

Res.Fire  : . . .   See Invis. : +   u - +3 dwarf dagger (speed)
Res.Cold  : . . .   Warding    : .   a - +0 robe
Life Prot.: . . .   Conserve   : .   (no shield)
Res.Poison: .       Res.Corr.  : .   b - +0 wizard hat
Res.Elec. : .       Clarity    : .   (no cloak)
Sust.Abil.: . .     Spirit.Shd : .   (no gloves)
Res.Mut.  : .       Stasis     : .   (no boots)
Res.Rott. : .       Flight     : .   (no amulet)
Saprovore : . . .                    (no ring)
                                     (no ring)

@: regenerating very quickly, mighty, mildly poisoned, very slightly
contaminated, somewhat resistant to hostile enchantments, stealthy
A: bottle blood, fangs 3, see invisible, unbreathing
a: Bottle Blood, Channel Energy, Forget Spell, Renounce Religion


You were on level 6 of the Dungeon.
You worshipped Sif Muna.
Sif Muna was most pleased with you.
You were almost alive.

You visited 1 branch of the dungeon, and saw 6 of its levels.
You also visited: Sewer.

You collected 327 gold pieces.

Inventory:

Hand weapons
 u - a +3,+3 dwarven dagger of speed (weapon)
Armour
 a - a +0 robe (worn)
 b - a +0 wizard hat (worn)
 d - a +0 troll leather armour {Purgy}
Magical devices
 q - a wand of magic darts (6)
 t - a wand of digging (8) {unknown}
Scrolls
 f - 7 scrolls of remove curse {unknown}
 h - a scroll of recharging {unknown}
 i - 3 scrolls of curse armour {unknown}
 j - 2 scrolls of fear
 p - 2 scrolls of teleportation
 v - a scroll of enchant weapon I
 w - a scroll of curse jewellery {unknown}
Potions
 e - 11 potions of blood
 l - a potion of berserk rage
 n - a potion of flight {unknown}
 o - a potion of restore abilities
 s - a potion of agility {unknown}
Books
 c - a book of Minor Magic

   Spells                             Type                      Level
   *Magic Dart                        Conjuration                  1
   Blink                              Translocation                2
   Call Imp                           Summoning                    2
   Repel Missiles                     Charms/Air                   2
   Slow                               Hexes                        2
   *Conjure Flame                     Conjuration/Fire             3
   *Mephitic Cloud                    Conjuration/Poison/Air       3


   Skills:
 * Level 4.0 Armour
 - Level 2.1 Dodging
 - Level 3.0 Stealth
 - Level 3.0 Spellcasting
 - Level 5.5 Conjurations
   Level 1.0 Summonings
   Level 0.7 Translocations
 + Level 4.0 Fire Magic
 + Level 5.1 Air Magic


You had 6 spell levels left.
You knew the following spells:

 Your Spells              Type           Power        Failure   Level  Hunger
a - Magic Dart            Conj           ####         1%          1    None
d - Mephitic Cloud        Conj/Pois/Air  ###.....     12%         3    ###....
s - Conjure Flame         Conj/Fire      ###.....     6%          3    ###....


Dungeon Overview and Level Annotations

Branches:
Dungeon (6/27)             Temple (0/1) D:4
    Orc: D:6-11

Altars:
Cheibriados
Elyvilon
Fedhas
Makhleb
Sif Muna
Zin

Shops:
D:5 %


Innate Abilities, Weirdness & Mutations

Your natural rate of healing is extremely fast.
You can bottle blood from corpses.
You have razor-sharp teeth.*
You have supernaturally acute eyesight.
You can survive without breathing.*


Message History

* * * LOW HITPOINT WARNING * * *
The water moccasin bites you.
* * * LOW HITPOINT WARNING * * *
Drink which item? (? for menu, Esc to quit)
You feel better. The water moccasin misses you.
Drink which item? (? for menu, Esc to quit)
You feel very mighty all of a sudden. The water moccasin bites you.
* * * LOW HITPOINT WARNING * * *
You are poisoned.
The water moccasin poisons you! The water moccasin bites you!
* * * LOW HITPOINT WARNING * * *
Drink which item? (? for menu, Esc to quit)
Okay, then.
Read which item? (? for menu, Esc to quit)
Blink to where?
Press: ? - help, Dir - move target cursor, p - water moccasin
As you read the scroll of blinking, it crumbles to dust.
You are very lightly contaminated with residual magic.
You die...

#...................#.
...............[......
#...#.####...#.##...#<
.......####...#.#######
..#####.....##.......#
..............#.......#
.....Z..<.............#
#
#...##.#...........####
. # #....@.#..#.# #
#.........#..#.# #
.........#..#.# #
....#...##..#.# #
#.#.#...##..#.####### #
....#...............# #
.##...##..#.#.###.# #
...##...##..#.#.# #.#
#......%ยง.....#.# #.#


You could see an ogre zombie (dormant).

Vanquished Creatures
  Eustachio (D:5)
  Purgy (D:3)
  4 ogres
  2 sky beasts (D:5)
  A phantom (D:5)
  A centaur (D:5)
  A giant frog (Sewer)
  2 jellies (Sewer)
  A crimson imp (D:5)
  5 orc priests
  6 worker ants
  A water moccasin skeleton (D:5)
  An orc wizard (D:4)
  Ijyb (D:4)
  Jessica (D:3)
  4 gnolls (D:4)
  16 adders
  7 giant mites
  3 worms
  10 giant geckos
  3 oozes
  14 orcs
  11 ball pythons
  12 bats
  15 giant cockroaches
  4 hobgoblins
  7 jackals
  20 giant newts
  12 goblins
  11 kobolds
  A kobold skeleton (D:5)
  A kobold zombie (D:6)
  2 quokkas
  11 rats
193 creatures vanquished.

Notes
Turn   | Place    | Note
--------------------------------------------------------------
     0 | D:1      | PolkaDot, the Vampire Wizard, began the quest for the Orb.
     0 | D:1      | Reached XP level 1. HP: 11/11 MP: 6/6
    94 | D:1      | Reached skill level 1 in Conjurations
   261 | D:1      | Reached XP level 2. HP: 15/17 MP: 0/8
   860 | D:2      | Reached XP level 3. HP: 20/22 MP: 5/10
  1076 | D:3      | Found a snail-covered altar of Cheibriados.
  1165 | D:3      | Reached XP level 4. HP: 21/28 MP: 1/12
  1174 | D:3      | Found a glowing silver altar of Zin.
  1188 | D:3      | Found a white marble altar of Elyvilon.
  1217 | D:3      | Found a deep blue altar of Sif Muna.
  1232 | D:3      | Found a burning altar of Makhleb.
  1244 | D:3      | Became a worshipper of Sif Muna the Loreminder
  1372 | D:3      | Noticed Purgy
  1441 | D:3      | Found a glowing drain.
  1484 | Sewer    | Entered a sewer
  1550 | Sewer    | Learned a level 3 spell: Conjure Flame
  1554 | Sewer    | Learned a level 3 spell: Mephitic Cloud
  1679 | Sewer    | Reached XP level 5. HP: 21/33 MP: 9/13
  1892 | Sewer    | Reached skill level 4 in Conjurations
  2342 | Sewer    | Noticed a giant frog
  2349 | Sewer    | Killed a giant frog
  2349 | Sewer    | Acquired Sif Muna's first power
  2349 | Sewer    | Reached XP level 6. HP: 23/39 MP: 6/15
  2540 | D:3      | Reached skill level 5 in Conjurations
  3129 | D:2      | Found a blossoming altar of Fedhas.
  3649 | D:3      | Reached skill level 1 in Air Magic
  3663 | D:3      | Reached skill level 1 in Fire Magic
  3813 | D:3      | Reached XP level 7. HP: 6/44 MP: 2/17
  3932 | D:3      | Noticed Jessica
  3937 | D:3      | Killed Jessica
  4358 | D:3      | Killed Purgy
  4456 | D:4      | Acquired Sif Muna's second power
  5066 | D:4      | Noticed Ijyb
  5099 | D:4      | Killed Ijyb
  5118 | D:4      | HP: 2/44 [worker ant (8)]
  5121 | D:4      | Reached XP level 8. HP: 9/50 MP: 2/18
  5259 | D:5      | Entered Level 5 of the Dungeon
  5265 | D:5      | Reached skill level 1 in Armour
  5657 | D:4      | Found a staircase to the Ecumenical Temple.
  5746 | D:5      | Found Opakoaf's Food Shoppe.
  6083 | D:5      | Noticed Eustachio
  6132 | D:5      | Killed Eustachio
  6360 | D:5      | Reached skill level 5 in Air Magic
  6404 | D:5      | Found a burning altar of Makhleb.
  6404 | D:5      | Noticed an Executioner
  6407 | D:5      | Noticed a smoke demon
  6407 | D:5      | Noticed an orange demon
  6714 | D:6      | HP: 1/50 [water moccasin (9)]
  6715 | D:6      | Succumbed to a water moccasin's poison

Action                   |  1- 3 |  4- 6 |  7- 9 || total
-------------------------+-------+-------+-------++-------
Melee: Unarmed           |     8 |       |       ||     8
       Dagger            |       |    45 |    97 ||   142
 Cast: Magic Dart        |    91 |   181 |   208 ||   480
       Conjure Flame     |       |     2 |     9 ||    11
       Mephitic Cloud    |       |     5 |    10 ||    15
Invok: Channel Energy    |       |       |    51 ||    51
 Abil: Bottle Blood      |       |    18 |    32 ||    50
  Use: Scroll            |       |     5 |    17 ||    22
       Potion            |       |     8 |    35 ||    43
 Stab: Sleeping          |       |     3 |     3 ||     6
       Confused          |       |     6 |     7 ||    13
